 Dungeon Sprint DCSS version 0.29-a0-993-g4a18f31a58 (webtiles) character file.

Game seed: 5666786930449043193

24197 mhtbhm the Phalangite (level 13, -6/124 HPs)
             Began as a Merfolk Gladiator on July 31, 2022.
             Was an Initiate of Gozag.
             Mangled by a vampire knight
             ... wielding a +0 great sword
              (7 damage)
             ... in the Dungeon (Sprint IX: "|||||||||||||||||||||||||||||") on Aug 3, 2022.
             The game lasted 00:09:30 (4946 turns).

mhtbhm the Phalangite (Merfolk Gladiator)           Turns: 4946, Time: 00:09:30

Health: -6/124     AC: 18    Str: 19    XL:     13   Next: 11%
Magic:  13/13      EV: 20    Int:  7    God:    Gozag
Gold:   1268       SH:  0    Dex: 19    Spells: 12/12 levels left

rFire   . . .      SeeInvis .   a - +2 halberd (vorpal)
rCold   . . .      Faith    .   (shield currently unavailable)
rNeg    . . .      Spirit   .   b - +3 scale mail {rPois}
rPois   +          Reflect  .   c - +1 helmet
rElec   .          Harm     .   (no cloak)
rCorr   .          Rampage  +   o - +0 pair of gloves
Will    .....      NoTele   +   p - +1 pair of boots {rampage}
Stlth   +.........              (no amulet)
HPRegen 0.30/turn               (no ring)
MPRegen 0.13/turn               q - +3 ring of dexterity

@: confused, gold aura, hasted, very quick
A: (nimble swimmer 2), mertail
a: Renounce Religion, Potion Petition, Call Merchant, Bribe Branch


You were in the Dungeon.
You worshipped Gozag.
Gozag was most pleased with you.
You visited 1 branch You collected 9596 gold pieces.
You spent 3064 gold pieces at shops.
You paid 5264 gold pieces to Gozag.

Inventory:

Hand Weapons
 a - a +2 vorpal halberd (weapon)
 B - the +7 lajatang of Order {silver, rMut}
   (You found it in the Dungeon)

   It inflicts extra damage upon those it strikes, and deals substantially
   increased damage to chaotic, mutated and magically transformed beings.
   rMut:      It protects you from mutation.
Missiles
 d - 3 throwing nets (quivered)
 e - a javelin
 f - 5 curare-tipped darts
Armour
 b - a +3 scale mail of poison resistance (worn)
 c - a +1 helmet (worn)
 n - a +0 pair of boots
 o - a +0 pair of gloves (worn)
 p - a +1 pair of boots of rampaging (worn)
Jewellery
 q - a +3 ring of dexterity (right hand)
 w - a ring of ice
 y - a ring of fire
 z - a ring of protection from fire
 A - a ring of protection from cold
Wands
 g - a wand of digging (4)
 m - a wand of acid (1)
Scrolls
 k - 4 scrolls of blinking
 l - 2 scrolls of amnesia
 u - 8 scrolls of enchant armour
 v - 6 scrolls of enchant weapon
 x - a scroll of identify
 E - a scroll of butterflies
 F - 3 scrolls of fear
 J - a scroll of poison
Potions
 h - a potion of haste
 i - 4 potions of magic
 j - 3 potions of lignification
 s - 2 potions of might
 t - 2 potions of brilliance
 C - a potion of berserk rage
Miscellaneous
 G - a box of beasts
 H - a lightning rod (4/4)


   Skills:
 + Level 18.6 Fighting
 + Level 25.2 Polearms
 + Level 5.2 Throwing
 + Level 10.0 Armour
 + Level 17.6 Dodging
 + Level 10.9 Stealth
 + Level 5.6 Evocations


You had 12 spell levels left.
You didn't know any spells.
Your spell library was empty.

Dungeon Overview and Level Annotations

Branches:
Dungeon (1/1)

Altars:
Cheibriados
Dithmenos
Elyvilon
Fedhas
Gozag
Hepliaklqana
Kikubaaqudgha
Makhleb
Nemelex Xobeh
Okawaru
Qazlal
Ru
Sif Muna
Trog
Uskayaw
Vehumet
Wu Jian
Xom
Yredelemnul
Zin
The Shining One
Jiyva
Lugonu

Shops:
D [(**?[*[


Innate Abilities, Weirdness & Mutations

((You are very nimble when in or above water. (Stealth+, EV+, Speed+++)))
Your lower body shifts to a powerful aquatic tail in water.


Message History

Unknown command.
Unknown command.
You hit the sphinx.
The sphinx is almost dead.
The sphinx mumbles some strange words.
You are confused.
Unknown command.
Unknown command.
You feel better.
The sphinx mumbles some strange words.
You struggle to resist.
You puncture the sphinx!
The sphinx is almost dead.
The vampire knight gestures wildly while chanting.
The vampire knight seems to speed up.
You hit the sphinx but do no damage.
The sphinx is almost dead.
The sphinx mumbles some strange words.
You are confused.
The vampire knight casts a spell.
The vampire knight flickers and vanishes!
Deactivating autopickup; reactivate with Ctrl-A.
Unknown command.
You slice the sphinx!!
You kill the sphinx!
Your lightning rod (4/4) has regained four charges.
Your Armour skill increases to level 10!
You bump into the unnaturally hard rock wall.
The red ugly thing closely misses you. Something hits you!
* * * LOW HITPOINT WARNING * * *
Something closely misses you.
You bump into the unnaturally hard rock wall.
Something hits you!!
* * * LOW HITPOINT WARNING * * *
Something bites you but does no damage. The red ugly thing misses you.
Unknown command.
You feel yourself speed up. Something hits you but does no damage.
Something bites you!
You die...
Your body crumbles into a pile of gold.

,,,,,+,,,,,,,,,,,,,,,,,,,,,+,,,,,
*********************************
,,,,,,,,,,,,,,,,,,,,,,,,,,,,,,,,,
*********************************
,,,,+,,,,,,,,,+,,,,,,,,,+,,,,,,,,
*********************************
,,,,,,,,,,,,,,,,,,,,,,,,,,,,,,,,,
▓▓▓▓▓▓▓▓▓▓▓▓▓▓▓▓▓▓▓▓▓▓▓▓*********
[.....∩∩∩∩∩'$))$@u......,,,+,,,,,
▓▓▓▓▓▓▓▓▓▓▓▓▓▓▓▓▓▓▓▓▓▓▓▓▓▓▓▓▓▓▓▓▓
....)............................
▓▓▓▓▓▓▓▓▓▓▓▓▓▓▓▓▓▓▓▓▓▓▓▓▓▓▓▓▓▓▓▓▓
.).......)))...∩.∩.∩)∩.....'.....
▓▓▓▓▓▓▓▓▓▓▓▓▓▓▓▓▓▓▓▓▓▓▓▓▓▓▓▓▓▓▓▓▓
..............)..................
▓▓▓▓▓▓▓▓▓▓▓▓▓▓▓▓▓▓▓▓▓▓▓▓▓▓▓▓▓▓▓▓▓
'.........'........)[)('.[[[[...'


You could see a red ugly thing.

Vanquished Creatures
  A sphinx (D)
  A vampire knight (D)
  Josephine (D)
  2 ogre magi (D)
  2 centaur warriors (D)
  5 two-headed ogres (D)
  A hydra (D)
  Erica (D)
  3 tengu warriors (D)
  A death yak (D)
  An orc high priest (D)
  Sonja (D)
  A deep troll earth mage (D)
  2 orc knights (D)
  A cyclops (D)
  A manticore (D)
  A slime creature (D)
  2 elephants (D)
  A black mamba (D)
  A gargoyle (D)
  3 cane toads (D)
  Psyche (D)
  2 efreet (D)
  A kobold demonologist (D)
  A freezing wraith (D)
  5 komodo dragons (D)
  2 tengu conjurers (D)
  A troll (D)
  2 blink frogs (D)
  5 wraiths (D)
  3 yaks (D)
  A vampire mosquito (D)
  A water moccasin (D)
  5 wargs (D)
  2 hell hounds (D)
  7 orc warriors (D)
  7 ogres (D)
  A wolf (D)
  A scorpion (D)
  A necrophage (D)
  A howler monkey (D)
  6 orc priests (D)
  2 orc wizards (D)
  2 gnolls (D)
  A worm (D)
  7 orcs (D)
  A giant cockroach (D)
  A quokka (D)
  2 frilled lizards (D)
105 creatures vanquished.

Notes
Turn   | Place    | Note
-------+----------+-------------------------------------------
     0 | D        | mhtbhm the Merfolk Gladiator began the quest for the Orb.
     0 | D        | Reached XP level 1. HP: 16/16 MP: 1/1
    13 | D        | Reached skill level 5 in Polearms
    13 | D        | Reached skill level 5 in Dodging
    13 | D        | Reached XP level 2. HP: 5/23 MP: 2/2
   275 | D        | Reached skill level 1 in Armour
   385 | D        | Noticed an ogre
   385 | D        | Noticed a necrophage
   385 | D        | Noticed a scorpion
   391 | D        | Killed an ogre
   392 | D        | Reached skill level 8 in Polearms
   392 | D        | Reached XP level 3. HP: 30/30 MP: 3/3
   392 | D        | Reached XP level 4. HP: 37/37 MP: 4/4
   397 | D        | Killed a necrophage
   398 | D        | Reached skill level 9 in Polearms
   398 | D        | Reached XP level 5. HP: 43/43 MP: 5/5
   401 | D        | Reached skill level 10 in Polearms
   403 | D        | Reached skill level 5 in Fighting
   403 | D        | Reached XP level 6. HP: 51/51 MP: 6/6
   410 | D        | Found a snail-covered altar of Cheibriados.
   410 | D        | Found a shadowy altar of Dithmenos.
   410 | D        | Found a white marble altar of Elyvilon.
   410 | D        | Found a blossoming altar of Fedhas.
   410 | D        | Found an opulent altar of Gozag.
   411 | D        | Found a hazy altar of Hepliaklqana.
   412 | D        | Found a viscous altar of Jiyva.
   413 | D        | Found an ancient bone altar of Kikubaaqudgha.
   414 | D        | Found a corrupted altar of Lugonu.
   415 | D        | Found a burning altar of Makhleb.
   416 | D        | Found a sparkling altar of Nemelex Xobeh.
   417 | D        | Found an iron altar of Okawaru.
   420 | D        | Became a worshipper of Gozag Ym Sagoz the Greedy
   421 | D        | Found a stormy altar of Qazlal.
   422 | D        | Found a sacrificial altar of Ru.
   423 | D        | Found a shimmering blue altar of Sif Muna.
   424 | D        | Found a bloodstained altar of Trog.
   425 | D        | Found a hide-covered altar of Uskayaw.
   426 | D        | Found a radiant altar of Vehumet.
   427 | D        | Found an ornate altar of the Wu Jian Council.
   428 | D        | Found a shimmering altar of Xom.
   429 | D        | Found a basalt altar of Yredelemnul.
   430 | D        | Found a glowing silver altar of Zin.
   431 | D        | Found a glowing golden altar of the Shining One.
   495 | D        | Noticed a wraith
   495 | D        | Noticed a kobold demonologist
   495 | D        | Noticed a yak
   495 | D        | Noticed a wraith
   495 | D        | Noticed a vampire mosquito
   499 | D        | Killed a wraith
   500 | D        | Reached skill level 12 in Polearms
   500 | D        | Reached skill level 10 in Dodging
   500 | D        | Reached skill level 1 in Stealth
   503 | D        | Killed a kobold demonologist
   504 | D        | Reached skill level 13 in Polearms
   504 | D        | Reached XP level 7. HP: 59/59 MP: 7/7
   507 | D        | Killed a yak
   508 | D        | Reached skill level 14 in Polearms
   516 | D        | Killed a wraith
   517 | D        | Reached XP level 8. HP: 49/67 MP: 8/8
   526 | D        | Reached skill level 15 in Polearms
   614 | D        | Noticed a cyclops
   614 | D        | Noticed a troll
   614 | D        | Noticed a tengu warrior
   614 | D        | Noticed a manticore
   614 | D        | Noticed a tengu warrior
   614 | D        | Noticed a gargoyle
   620 | D        | Killed a cyclops
   621 | D        | Reached skill level 16 in Polearms
   621 | D        | Reached skill level 5 in Throwing
   624 | D        | Killed a troll
   625 | D        | Reached XP level 9. HP: 52/74 MP: 9/9
   628 | D        | Killed a tengu warrior
   629 | D        | Reached skill level 17 in Polearms
   629 | D        | Reached skill level 1 in Evocations
  1019 | D        | Killed a manticore
  1020 | D        | Reached skill level 18 in Polearms
  1020 | D        | Reached skill level 5 in Armour
  1037 | D        | Killed a tengu warrior
  1038 | D        | Reached skill level 19 in Polearms
  1041 | D        | Killed a gargoyle
  1042 | D        | Reached XP level 10. HP: 34/85 MP: 10/10
  1313 | D        | Noticed Erica
  1325 | D        | Killed Erica
  1326 | D        | Reached skill level 10 in Fighting
  1375 | D        | Noticed a cane toad
  1375 | D        | Noticed a cane toad
  1379 | D        | Killed a cane toad
  1380 | D        | Reached skill level 15 in Dodging
  1380 | D        | Reached skill level 5 in Stealth
  1386 | D        | Reached skill level 20 in Polearms
  1391 | D        | Noticed an elephant
  1395 | D        | Killed a cane toad
  1417 | D        | Killed an elephant
  1706 | D        | Noticed an elephant
  1706 | D        | Noticed a black mamba
  1706 | D        | Noticed a five-headed hydra
  1709 | D        | Noticed a death yak
  1719 | D        | Killed an elephant
  1720 | D        | Reached XP level 11. HP: 70/95 MP: 11/11
  1727 | D        | Reached skill level 21 in Polearms
  1786 | D        | Killed a 19-headed hydra
  1797 | D        | Killed a death yak
  2191 | D        | Reached skill level 22 in Polearms
  2541 | D        | Noticed Psyche
  2553 | D        | Killed Psyche
  2723 | D        | Noticed an orc high priest
  2728 | D        | Noticed a sixfirhy
  2740 | D        | Killed an orc high priest
  3171 | D        | Noticed an orc knight
  3540 | D        | Killed an orc knight
  3687 | D        | Noticed an orc knight
  3699 | D        | Killed an orc knight
  3700 | D        | Reached skill level 15 in Fighting
  3966 | D        | Found Cutan's Magic Scroll Emporium.
  3966 | D        | Noticed a two-headed ogre
  3966 | D        | Noticed a two-headed ogre
  3967 | D        | Noticed an ogre mage
  3971 | D        | Killed a two-headed ogre
  3972 | D        | Reached XP level 12. HP: 102/110 MP: 12/12
  3977 | D        | Killed a two-headed ogre
  3978 | D        | Reached skill level 23 in Polearms
  3983 | D        | Noticed a two-headed ogre
  3994 | D        | Killed a two-headed ogre
  4002 | D        | Killed an ogre mage
  4137 | D        | Found Iton's Armour Shoppe.
  4141 | D        | Found Kirojyrhai's General Store.
  4143 | D        | Noticed an ogre mage
  4144 | D        | Found Taqogore's Armour Shoppe.
  4147 | D        | Noticed a two-headed ogre
  4151 | D        | Noticed a two-headed ogre
  4152 | D        | Paralysed by something for 2 turns
  4156 | D        | Killed an ogre mage
  4161 | D        | Killed a two-headed ogre
  4163 | D        | Killed a two-headed ogre
  4405 | D        | Bought a scroll of blinking for 82 gold pieces
  4409 | D        | Bought a scroll of enchant armour for 97 gold pieces
  4409 | D        | Bought a scroll of magic mapping for 97 gold pieces
  4460 | D        | Noticed Josephine
  4482 | D        | Killed Josephine
  4483 | D        | Reached skill level 24 in Polearms
  4504 | D        | Noticed Sonja
  4510 | D        | Killed Sonja
  4773 | D        | Found the +7 lajatang of Order {silver, rMut}
  4859 | D        | Bought a box of beasts for 480 gold pieces
  4859 | D        | Bought a scroll of fear for 48 gold pieces
  4861 | D        | Bought a lightning rod (4/4) for 1050 gold pieces
  4861 | D        | Bought a bound lead ring for 175 gold pieces
  4861 | D        | Identified the ring "Foupta" {rCorr Int+6} (You bought it
                  | in a shop in the Dungeon)
  4861 | D        | Bought a scroll labelled VOSI IBORIYR for 35 gold pieces
  4871 | D        | Bought a pair of glowing boots for 217 gold pieces
  4885 | D        | Bought a scroll of enchant weapon for 135 gold pieces
  4885 | D        | Bought a scroll of fear for 72 gold pieces
  4885 | D        | Bought a scroll of enchant armour for 135 gold pieces
  4885 | D        | Bought a scroll of enchant armour for 135 gold pieces
  4885 | D        | Bought a scroll of enchant weapon for 135 gold pieces
  4885 | D        | Bought a scroll of blinking for 135 gold pieces
  4885 | D        | Bought a scroll of identify for 36 gold pieces
  4889 | D        | Noticed a centaur warrior
  4889 | D        | Noticed a centaur warrior
  4894 | D        | Killed a centaur warrior
  4895 | D        | Killed a centaur warrior
  4897 | D        | Reached skill level 10 in Stealth
  4904 | D        | Noticed a vampire knight
  4906 | D        | Upgraded the game from 0.29-a0-973-gac7da5f7f0 to
                  | 0.29-a0-993-g4a18f31a58
  4906 | D        | Noticed a tengu warrior
  4908 | D        | Noticed a deep troll earth mage
  4911 | D        | Killed a vampire knight
  4911 | D        | Noticed a sphinx
  4912 | D        | Reached skill level 5 in Evocations
  4916 | D        | Killed a tengu warrior
  4924 | D        | Reached XP level 13. HP: 45/122 MP: 13/13
  4932 | D        | Reached skill level 25 in Polearms
  4932 | D        | Paralysed by a sphinx for 3 turns
  4936 | D        | HP: 5/124 [sphinx (8)]
  4938 | D        | Noticed a vampire knight
  4943 | D        | Killed a sphinx
  4944 | D        | Reached skill level 10 in Armour
  4945 | D        | HP: 1/124 [something (34)]
  4946 | D        | Mangled by a vampire knight

Illustrated notes

Levels and vault maps discovered:
D:        linesprint [early_d, line_temple, items_1, d_10, items_2, lair_1,
          lair_end, items_3, orc_1, orc_end, items_4, d_15, swamp_1, shoals_1,
          snake_1, spider_1, d_20, vaults_1, items_5, swamp_end, shoals_end,
          snake_end, spider_end, vaults_end, d_27, items_6, zot_1, zot_end,
          crypt_end, forest_end, elf_end, slime_end, tomb_end, abyss_end,
          pan_hell_end]

Skill      XL: |  1  2  3  4  5  6  7  8  9 10 11 12 13 |
---------------+----------------------------------------+-----
Polearms       | 5 8 9 10 13 14 16 19 20 22 24 25 | 25.2
Dodging        | 5 7 8 9 11 12 13 14 15 16 17 | 17.6
Armour         | 1 2 3 4 5 7 8 9 10 | 10.0
Fighting       | 3 4 5 6 7 8 9 12 15 18 | 18.6
Throwing       | 3 4 5 |  5.2
Stealth        | 1 3 4 6 8 10 | 10.9
Evocations     | 2 3 4 5 |  5.6

Action                   |  1- 3 |  4- 6 |  7- 9 | 10-12 | 13-15 || total
-------------------------+-------+-------+-------+-------+-------++-------
Melee: Trident           |    26 |    10 |       |       |       ||    36
       Halberd           |       |     7 |    61 |   378 |     9 ||   455
Invok: Call Merchant     |       |       |       |     5 |       ||     5
       Potion Petition   |       |       |       |       |     1 ||     1
Evoke: Wand              |       |     1 |     4 |     4 |       ||     9
       Lightning rod     |       |       |       |     8 |     5 ||    13
  Use: Potion            |     1 |       |     4 |     8 |     3 ||    16
       Scroll            |       |       |       |     4 |       ||     4
 Stab: Distracted        |       |       |     1 |     6 |       ||     7
       Invisible         |       |       |     2 |       |       ||     2
       Sleeping          |       |       |       |     3 |       ||     3
Armor: Leather armour    |     3 |     1 |       |       |       ||     4
       Ring mail         |       |       |    11 |    23 |       ||    34
       Scale mail        |       |       |       |    10 |     7 ||    17
Dodge: Dodged            |    16 |     6 |    50 |   139 |    13 ||   224

Table legend: (Time is in decaauts)
 A = Elapsed time spent in this place.
 B = Non-inter-level travel time spent in this place.
 C = Inter-level travel time spent in this place.
 D = Time resting spent in this place.
 E = Time spent auto-exploring this place.
 F = Levels seen in this place.
 G = Mean time per level.
                   A        B        C        D        E       F      G
               +--------+--------+--------+--------+--------+-----+--------+
         Total |   4801 |   4801 |      0 |   1945 |   1608 |   1 | 4801.0 |
       Dungeon |   4801 |   4801 |      0 |   1945 |   1608 |   1 | 4801.0 |
               +--------+--------+--------+--------+--------+-----+--------+

Top non-repeatable levels by time:
       D: 4801 daAuts
